Workbook

Sheet Tableau de bord
A1: Registre de paie Québec — Tableau de bord
A2: Suivi administratif des paies, retenues et cotisations de l’employeur
A4: Date de début | B4: 46023 | D4: Date de fin | E4: 46081 | G4: Les retenues à la source doivent être validées avant toute remise.
A6: Indicateurs de la période sélectionnée | F6: Contrôles de fin de période | J6: Nom employé | K6: Coût total employeur
A7: Nombre de lignes de paie | C7: =COUNTIFS('Registre de paie'!$D$6:$D$105,">="&$B$4,'Registre de paie'!$D$6:$D$105,"<="&$E$4) | F7: Concordance du brut | H7: =IF(ABS(SUM('Registre de paie'!$U$6:$U$105)-SUM('Registre de paie'!$M$6:$M$105)-SUM('Registre de paie'!$P$6:$P$105)-SUM('Registre de paie'!$R$6:$R$105)-SUM('Registre de paie'!$S$6:$S$105)-SUM('Registre de paie'!$T$6:$T$105))<0.01,"OK","À corriger") | J7: Amélie Tremblay | K7: =SUMIFS('Registre de paie'!$AJ$6:$AJ$105,'Registre de paie'!$F$6:$F$105,J7,'Registre de paie'!$D$6:$D$105,">="&$B$4,'Registre de paie'!$D$6:$D$105,"<="&$E$4)
A8: Nombre d’employés payés | C8: Disponible dans Excel 365 seulement | F8: Concordance des retenues | H8: =IF(ABS(SUM('Registre de paie'!$AB$6:$AB$105)-SUM('Registre de paie'!$V$6:$V$105)-SUM('Registre de paie'!$W$6:$W$105)-SUM('Registre de paie'!$X$6:$X$105)-SUM('Registre de paie'!$Y$6:$Y$105)-SUM('Registre de paie'!$Z$6:$Z$105)-SUM('Registre de paie'!$AA$6:$AA$105))<0.01,"OK","À corriger") | J8: Marc-Antoine Gagnon | K8: =SUMIFS('Registre de paie'!$AJ$6:$AJ$105,'Registre de paie'!$F$6:$F$105,J8,'Registre de paie'!$D$6:$D$105,">="&$B$4,'Registre de paie'!$D$6:$D$105,"<="&$E$4)
A9: Rémunération brute totale | C9: =SUMIFS('Registre de paie'!$U$6:$U$105,'Registre de paie'!$D$6:$D$105,">="&$B$4,'Registre de paie'!$D$6:$D$105,"<="&$E$4) | F9: Concordance du net | H9: =IF(ABS(SUM('Registre de paie'!$AC$6:$AC$105)-(SUM('Registre de paie'!$U$6:$U$105)-SUM('Registre de paie'!$AB$6:$AB$105)))<0.01,"OK","À corriger") | J9: Sophie Bouchard | K9: =SUMIFS('Registre de paie'!$AJ$6:$AJ$105,'Registre de paie'!$F$6:$F$105,J9,'Registre de paie'!$D$6:$D$105,">="&$B$4,'Registre de paie'!$D$6:$D$105,"<="&$E$4)
A10: Retenues totales | C10: =SUMIFS('Registre de paie'!$AB$6:$AB$105,'Registre de paie'!$D$6:$D$105,">="&$B$4,'Registre de paie'!$D$6:$D$105,"<="&$E$4) | F10: Concordance du coût employeur | H10: =IF(ABS(SUM('Registre de paie'!$AJ$6:$AJ$105)-(SUM('Registre de paie'!$U$6:$U$105)+SUM('Registre de paie'!$AI$6:$AI$105)))<0.01,"OK","À corriger") | J10: Charles Nadeau | K10: =SUMIFS('Registre de paie'!$AJ$6:$AJ$105,'Registre de paie'!$F$6:$F$105,J10,'Registre de paie'!$D$6:$D$105,">="&$B$4,'Registre de paie'!$D$6:$D$105,"<="&$E$4)
A11: Salaire net total | C11: =SUMIFS('Registre de paie'!$AC$6:$AC$105,'Registre de paie'!$D$6:$D$105,">="&$B$4,'Registre de paie'!$D$6:$D$105,"<="&$E$4) | F11: Lignes à corriger | H11: =COUNTIF('Registre de paie'!$AL$6:$AL$105,"À corriger") | J11: Élodie Roy | K11: =SUMIFS('Registre de paie'!$AJ$6:$AJ$105,'Registre de paie'!$F$6:$F$105,J11,'Registre de paie'!$D$6:$D$105,">="&$B$4,'Registre de paie'!$D$6:$D$105,"<="&$E$4)
A12: Cotisations employeur totales | C12: =SUMIFS('Registre de paie'!$AI$6:$AI$105,'Registre de paie'!$D$6:$D$105,">="&$B$4,'Registre de paie'!$D$6:$D$105,"<="&$E$4) | H12: ="" | K12: =""
A13: Coût total de main-d’œuvre | C13: =SUMIFS('Registre de paie'!$AJ$6:$AJ$105,'Registre de paie'!$D$6:$D$105,">="&$B$4,'Registre de paie'!$D$6:$D$105,"<="&$E$4) | H13: ="" | K13: =""
A14: Heures régulières totales | C14: =SUMIFS('Registre de paie'!$I$6:$I$105,'Registre de paie'!$D$6:$D$105,">="&$B$4,'Registre de paie'!$D$6:$D$105,"<="&$E$4) | H14: ="" | K14: =""
A15: Heures supplémentaires totales | C15: =SUMIFS('Registre de paie'!$N$6:$N$105,'Registre de paie'!$D$6:$D$105,">="&$B$4,'Registre de paie'!$D$6:$D$105,"<="&$E$4) | H15: ="" | K15: =""
C16: ="" | H16: ="" | K16: =""
C17: ="" | H17: ="" | K17: =""
C18: ="" | H18: ="" | K18: =""
C19: ="" | H19: ="" | K19: =""
C20: ="" | H20: ="" | K20: =""
C21: ="" | H21: ="" | K21: =""
A22: Guide rapide d’utilisation | C22: ="" | H22: ="" | K22: =""
A23: 1. Mettez à jour les paramètres de l’entreprise et les taux de référence. | C23: ="" | H23: ="" | K23: =""
A24: 2. Ajoutez ou mettez à jour les employés dans la feuille Employés. | C24: ="" | H24: ="" | K24: =""
A25: 3. Saisissez une ligne par employé et par période dans le Registre de paie. | C25: ="" | H25: ="" | K25: =""
A26: 4. Validez les retenues à la source et les cotisations auprès de votre fournisseur de paie, de votre comptable ou des autorités compétentes. | C26: ="" | H26: ="" | K26: =""
A27: 5. Vérifiez que tous les contrôles affichent OK avant de produire vos rapports ou vos remises. | C27: ="" | H27: ="" | K27: =""
C28: ="" | H28: ="" | K28: =""
C29: ="" | H29: ="" | K29: =""
C30: ="" | H30: ="" | K30: =""
C31: ="" | H31: ="" | K31: =""
C32: ="" | H32: ="" | K32: =""
C33: ="" | H33: ="" | K33: =""
C34: ="" | H34: ="" | K34: =""
C35: ="" | H35: ="" | K35: =""
C36: ="" | H36: ="" | K36: =""
C37: ="" | H37: ="" | K37: =""
C38: ="" | H38: ="" | K38: =""
C39: ="" | H39: ="" | K39: =""
... C101: ="" | H101: ="" | K101: =""

Sheet Paramètres
A1: Paramètres de l’entreprise et taux de référence
A3: Renseignements de l’entreprise | D3: Taux de référence et valeurs applicables
A4: Nom de l’entreprise | B4: Atelier Nordik inc. | D4: Code | E4: Description | F4: Valeur | G4: Note d’utilisation
A5: NEQ | B5: À saisir | D5: TS_150 | E5: Multiplicateur de temps supplémentaire | F5: 1.5 | G5: Valeur de référence seulement. Valider les conventions, contrats et règles applicables.
A6: Numéro de compte de retenues sur la paie ARC | B6: À saisir | D6: VAC_000 | E6: Taux d’indemnité de vacances — aucun | F6: 0 | G6: À utiliser seulement selon les conditions applicables.
A7: Numéro de dossier Revenu Québec | B7: À saisir | D7: VAC_040 | E7: Taux d’indemnité de vacances — exemple | F7: 0.04 | G7: Exemple de paramètre d’entreprise à valider.
A8: Année de paie | B8: 2026 | D8: VAC_060 | E8: Taux d’indemnité de vacances — exemple | F8: 0.06 | G8: Exemple de paramètre d’entreprise à valider.
A9: Province principale de travail | B9: Québec | D9: VAC_080 | E9: Taux d’indemnité de vacances — exemple | F9: 0.08 | G9: Exemple de paramètre d’entreprise à valider.
A10: Fréquence de paie par défaut | B10: Aux deux semaines | D10: TAXE_PAIE | E10: Retenues à la source | G10: Les montants doivent provenir d’un calcul de paie validé. Ne pas appliquer un pourcentage générique.
A11: Personne responsable | B11: Marie-Claude Gagnon | D11: CNESST | E11: Cotisation CNESST | G11: Saisir le montant calculé selon le dossier de l’employeur et les règles applicables.
A12: Courriel de la paie | B12: paie@ateliernordik.ca | D12: AUTRE_EMP | E12: Autres cotisations employeur | G12: Inclure seulement les cotisations applicables à l’entreprise.
A15: Listes de validation
A16: Statut employé | B16: Fréquence de paie | C16: Mode rémunération | D16: Service
A17: Actif | B17: Hebdomadaire | C17: Horaire | D17: Administration
A18: Inactif | B18: Aux deux semaines | C18: Salaire fixe | D18: Atelier
A19: Congé | B19: Bimensuelle | C19: Commission | D19: Direction
A20: Terminé | B20: Mensuelle | C20: Autre | D20: Entretien
D21: Ventes
A23: Les taux et montants de paie doivent être validés chaque année ou dès qu’un changement réglementaire, contractuel ou organisationnel survient.
A26: Les montants de RRQ, RQAP, AE et des impôts sont saisis dans le registre à partir d’une source validée.

Sheet Employés
A1: Répertoire des employés
A2: Ne pas inclure de NAS complet, de coordonnées bancaires, de renseignements médicaux ou de documents fiscaux.
A4: No employé | B4: Nom complet | C4: NAS — 4 derniers chiffres | D4: Statut | E4: Service | F4: Poste | G4: Taux horaire de référence | H4: Fréquence de paie | I4: Date d’embauche | J4: Note administrative
A5: 101 | B5: Amélie Tremblay | C5: 1842 | D5: Actif | E5: Administration | F5: Adjointe administrative | G5: 26 | H5: Aux deux semaines | I5: 44690 | J5: Employée horaire
A6: 102 | B6: Marc-Antoine Gagnon | C6: 3971 | D6: Actif | E6: Atelier | F6: Mécanicien | G6: 31.5 | H6: Aux deux semaines | I6: 44452 | J6: Employé horaire
A7: 103 | B7: Sophie Bouchard | C7: 5628 | D7: Actif | E7: Ventes | F7: Représentante | G7: 28.75 | H7: Aux deux semaines | I7: 44942 | J7: Commission possible selon période
A8: 104 | B8: Charles Nadeau | C8: 7405 | D8: Actif | E8: Entretien | F8: Préposé à l’entretien | G8: 24 | H8: Aux deux semaines | I8: 45355 | J8: Employé horaire
A9: 105 | B9: Élodie Roy | C9: 9186 | D9: Congé | E9: Direction | F9: Coordonnatrice | G9: 34 | H9: Aux deux semaines | I9: 44158 | J9: Congé autorisé, paie au besoin
A106: Confidentialité : limiter l’accès au classeur aux personnes autorisées. Ne pas conserver de NAS complet, de coordonnées bancaires ou de documents fiscaux dans ce registre.

Sheet Registre de paie
A1: Registre de paie Québec
A2: Saisir une ligne par employé et par période de paie. Les cellules grises sont calculées.
A3: Les impôts, retenues et cotisations doivent être validés à partir d’un calcul de paie conforme avant toute remise à l’ARC, à Revenu Québec ou à un autre organisme.
A5: No de paie | B5: Début de période | C5: Fin de période | D5: Date de paie | E5: No employé | F5: Nom employé | G5: Service | H5: Mode rémunération | I5: Heures régulières | J5: Taux horaire de référence | K5: Taux horaire appliqué | L5: Montant régulier saisi | M5: Brut régulier | N5: Heures supplémentaires | O5: Multiplicateur TS appliqué | P5: Brut temps supplémentaire | Q5: Taux vacances appliqué | R5: Indemnité de vacances | S5: Avantages imposables | T5: Autres revenus | U5: Brut total | V5: Impôt fédéral | W5: Impôt Québec | X5: RRQ employé | Y5: RQAP employé | Z5: AE employé | AA5: Autres retenues | AB5: Total des retenues | AC5: Salaire net | AD5: RRQ employeur | AE5: RQAP employeur | AF5: AE employeur | AG5: CNESST | AH5: Autres cotisations employeur | AI5: Total cotisations employeur | AJ5: Coût total employeur | AK5: Note | AL5: Contrôle de la ligne
A6: PAIE-2026-001 | B6: 46023 | C6: 46036 | D6: 46039 | E6: 101 | F6: =IF($A6="","",IFERROR(VLOOKUP($E6,'Employés'!$A$5:$J$104,2,FALSE),"")) | G6: =IF($A6="","",IFERROR(VLOOKUP($E6,'Employés'!$A$5:$J$104,5,FALSE),"")) | H6: Horaire | I6: 80 | J6: =IF($A6="","",IFERROR(VLOOKUP($E6,'Employés'!$A$5:$J$104,7,FALSE),0)) | K6: 26 | L6: 0 | M6: =IF($A6="","",IFERROR(IF($H6="Horaire",$I6*$K6,$L6),0)) | N6: 2 | O6: 1.5 | P6: =IF($A6="","",IFERROR($N6*$K6*$O6,0)) | Q6: 0.04 | R6: =IF($A6="","",IFERROR(($M6+$P6)*$Q6,0)) | S6: 0 | T6: 0 | U6: =IF($A6="","",SUM($M6,$P6,$R6,$S6,$T6)) | V6: 116 | W6: 127 | X6: 60 | Y6: 5 | Z6: 19 | AA6: 18 | AB6: =IF($A6="","",SUM($V6:$AA6)) | AC6: =IF($A6="","",IFERROR($U6-$AB6,0)) | AD6: 60 | AE6: 7 | AF6: 27 | AG6: 9 | AH6: 0 | AI6: =IF($A6="","",SUM($AD6:$AH6)) | AJ6: =IF($A6="","",SUM($U6,$AI6)) | AK6: Période régulière | AL6: =IF($A6="","",IF(AND($B6<>"",$C6<>"",$D6<>"",$E6<>"",$F6<>"",$C6>=$B6,$D6>=$C6,$U6>=0,$AB6>=0,$AC6>=0),"OK","À corriger"))
A7: PAIE-2026-001 | B7: 46023 | C7: 46036 | D7: 46039 | E7: 102 | F7: =IF($A7="","",IFERROR(VLOOKUP($E7,'Employés'!$A$5:$J$104,2,FALSE),"")) | G7: =IF($A7="","",IFERROR(VLOOKUP($E7,'Employés'!$A$5:$J$104,5,FALSE),"")) | H7: Horaire | I7: 80 | J7: =IF($A7="","",IFERROR(VLOOKUP($E7,'Employés'!$A$5:$J$104,7,FALSE),0)) | K7: 31.5 | L7: 0 | M7: =IF($A7="","",IFERROR(IF($H7="Horaire",$I7*$K7,$L7),0)) | N7: 4 | O7: 1.5 | P7: =IF($A7="","",IFERROR($N7*$K7*$O7,0)) | Q7: 0.06 | R7: =IF($A7="","",IFERROR(($M7+$P7)*$Q7,0)) | S7: 0 | T7: 0 | U7: =IF($A7="","",SUM($M7,$P7,$R7,$S7,$T7)) | V7: 174 | W7: 190 | X7: 79 | Y7: 7 | Z7: 24 | AA7: 22 | AB7: =IF($A7="","",SUM($V7:$AA7)) | AC7: =IF($A7="","",IFERROR($U7-$AB7,0)) | AD7: 79 | AE7: 9 | AF7: 34 | AG7: 14 | AH7: 0 | AI7: =IF($A7="","",SUM($AD7:$AH7)) | AJ7: =IF($A7="","",SUM($U7,$AI7)) | AK7: Heures supplémentaires atelier | AL7: =IF($A7="","",IF(AND($B7<>"",$C7<>"",$D7<>"",$E7<>"",$F7<>"",$C7>=$B7,$D7>=$C7,$U7>=0,$AB7>=0,$AC7>=0),"OK","À corriger"))
A8: PAIE-2026-001 | B8: 46023 | C8: 46036 | D8: 46039 | E8: 103 | F8: =IF($A8="","",IFERROR(VLOOKUP($E8,'Employés'!$A$5:$J$104,2,FALSE),"")) | G8: =IF($A8="","",IFERROR(VLOOKUP($E8,'Employés'!$A$5:$J$104,5,FALSE),"")) | H8: Horaire | I8: 75 | J8: =IF($A8="","",IFERROR(VLOOKUP($E8,'Employés'!$A$5:$J$104,7,FALSE),0)) | K8: 28.75 | L8: 0 | M8: =IF($A8="","",IFERROR(IF($H8="Horaire",$I8*$K8,$L8),0)) | N8: 0 | O8: 1.5 | P8: =IF($A8="","",IFERROR($N8*$K8*$O8,0)) | Q8: 0.04 | R8: =IF($A8="","",IFERROR(($M8+$P8)*$Q8,0)) | S8: 0 | T8: 325 | U8: =IF($A8="","",SUM($M8,$P8,$R8,$S8,$T8)) | V8: 205 | W8: 222 | X8: 92 | Y8: 8 | Z8: 28 | AA8: 15 | AB8: =IF($A8="","",SUM($V8:$AA8)) | AC8: =IF($A8="","",IFERROR($U8-$AB8,0)) | AD8: 92 | AE8: 11 | AF8: 39 | AG8: 13 | AH8: 0 | AI8: =IF($A8="","",SUM($AD8:$AH8)) | AJ8: =IF($A8="","",SUM($U8,$AI8)) | AK8: Commission de vente | AL8: =IF($A8="","",IF(AND($B8<>"",$C8<>"",$D8<>"",$E8<>"",$F8<>"",$C8>=$B8,$D8>=$C8,$U8>=0,$AB8>=0,$AC8>=0),"OK","À corriger"))
A9: PAIE-2026-001 | B9: 46023 | C9: 46036 | D9: 46039 | E9: 104 | F9: =IF($A9="","",IFERROR(VLOOKUP($E9,'Employés'!$A$5:$J$104,2,FALSE),"")) | G9: =IF($A9="","",IFERROR(VLOOKUP($E9,'Employés'!$A$5:$J$104,5,FALSE),"")) | H9: Horaire | I9: 76 | J9: =IF($A9="","",IFERROR(VLOOKUP($E9,'Employés'!$A$5:$J$104,7,FALSE),0)) | K9: 24 | L9: 0 | M9: =IF($A9="","",IFERROR(IF($H9="Horaire",$I9*$K9,$L9),0)) | N9: 0 | O9: 1.5 | P9: =IF($A9="","",IFERROR($N9*$K9*$O9,0)) | Q9: 0.04 | R9: =IF($A9="","",IFERROR(($M9+$P9)*$Q9,0)) | S9: 0 | T9: 0 | U9: =IF($A9="","",SUM($M9,$P9,$R9,$S9,$T9)) | V9: 128 | W9: 139 | X9: 61 | Y9: 5 | Z9: 20 | AA9: 12 | AB9: =IF($A9="","",SUM($V9:$AA9)) | AC9: =IF($A9="","",IFERROR($U9-$AB9,0)) | AD9: 61 | AE9: 7 | AF9: 28 | AG9: 10 | AH9: 0 | AI9: =IF($A9="","",SUM($AD9:$AH9)) | AJ9: =IF($A9="","",SUM($U9,$AI9)) | AK9: Absence non rémunérée | AL9: =IF($A9="","",IF(AND($B9<>"",$C9<>"",$D9<>"",$E9<>"",$F9<>"",$C9>=$B9,$D9>=$C9,$U9>=0,$AB9>=0,$AC9>=0),"OK","À corriger"))
A10: PAIE-2026-001 | B10: 46023 | C10: 46036 | D10: 46039 | E10: 105 | F10: =IF($A10="","",IFERROR(VLOOKUP($E10,'Employés'!$A$5:$J$104,2,FALSE),"")) | G10: =IF($A10="","",IFERROR(VLOOKUP($E10,'Employés'!$A$5:$J$104,5,FALSE),"")) | H10: Salaire fixe | I10: 0 | J10: =IF($A10="","",IFERROR(VLOOKUP($E10,'Employés'!$A$5:$J$104,7,FALSE),0)) | K10: 34 | L10: 2200 | M10: =IF($A10="","",IFERROR(IF($H10="Horaire",$I10*$K10,$L10),0)) | N10: 0 | O10: 1.5 | P10: =IF($A10="","",IFERROR($N10*$K10*$O10,0)) | Q10: 0.06 | R10: =IF($A10="","",IFERROR(($M10+$P10)*$Q10,0)) | S10: 85 | T10: 0 | U10: =IF($A10="","",SUM($M10,$P10,$R10,$S10,$T10)) | V10: 249 | W10: 270 | X10: 101 | Y10: 9 | Z10: 31 | AA10: 40 | AB10: =IF($A10="","",SUM($V10:$AA10)) | AC10: =IF($A10="","",IFERROR($U10-$AB10,0)) | AD10: 101 | AE10: 12 | AF10: 43 | AG10: 15 | AH10: 0 | AI10: =IF($A10="","",SUM($AD10:$AH10)) | AJ10: =IF($A10="","",SUM($U10,$AI10)) | AK10: Paie pendant congé autorisé | AL10: =IF($A10="","",IF(AND($B10<>"",$C10<>"",$D10<>"",$E10<>"",$F10<>"",$C10>=$B10,$D10>=$C10,$U10>=0,$AB10>=0,$AC10>=0),"OK","À corriger"))
F11: =IF($A11="","",IFERROR(VLOOKUP($E11,'Employés'!$A$5:$J$104,2,FALSE),"")) | G11: =IF($A11="","",IFERROR(VLOOKUP($E11,'Employés'!$A$5:$J$104,5,FALSE),"")) | J11: =IF($A11="","",IFERROR(VLOOKUP($E11,'Employés'!$A$5:$J$104,7,FALSE),0)) | M11: =IF($A11="","",IFERROR(IF($H11="Horaire",$I11*$K11,$L11),0)) | P11: =IF($A11="","",IFERROR($N11*$K11*$O11,0)) | R11: =IF($A11="","",IFERROR(($M11+$P11)*$Q11,0)) | U11: =IF($A11="","",SUM($M11,$P11,$R11,$S11,$T11)) | AB11: =IF($A11="","",SUM($V11:$AA11)) | AC11: =IF($A11="","",IFERROR($U11-$AB11,0)) | AI11: =IF($A11="","",SUM($AD11:$AH11)) | AJ11: =IF($A11="","",SUM($U11,$AI11)) | AL11: =IF($A11="","",IF(AND($B11<>"",$C11<>"",$D11<>"",$E11<>"",$F11<>"",$C11>=$B11,$D11>=$C11,$U11>=0,$AB11>=0,$AC11>=0),"OK","À corriger"))
F12: =IF($A12="","",IFERROR(VLOOKUP($E12,'Employés'!$A$5:$J$104,2,FALSE),"")) | G12: =IF($A12="","",IFERROR(VLOOKUP($E12,'Employés'!$A$5:$J$104,5,FALSE),"")) | J12: =IF($A12="","",IFERROR(VLOOKUP($E12,'Employés'!$A$5:$J$104,7,FALSE),0)) | M12: =IF($A12="","",IFERROR(IF($H12="Horaire",$I12*$K12,$L12),0)) | P12: =IF($A12="","",IFERROR($N12*$K12*$O12,0)) | R12: =IF($A12="","",IFERROR(($M12+$P12)*$Q12,0)) | U12: =IF($A12="","",SUM($M12,$P12,$R12,$S12,$T12)) | AB12: =IF($A12="","",SUM($V12:$AA12)) | AC12: =IF($A12="","",IFERROR($U12-$AB12,0)) | AI12: =IF($A12="","",SUM($AD12:$AH12)) | AJ12: =IF($A12="","",SUM($U12,$AI12)) | AL12: =IF($A12="","",IF(AND($B12<>"",$C12<>"",$D12<>"",$E12<>"",$F12<>"",$C12>=$B12,$D12>=$C12,$U12>=0,$AB12>=0,$AC12>=0),"OK","À corriger"))
F13: =IF($A13="","",IFERROR(VLOOKUP($E13,'Employés'!$A$5:$J$104,2,FALSE),"")) | G13: =IF($A13="","",IFERROR(VLOOKUP($E13,'Employés'!$A$5:$J$104,5,FALSE),"")) | J13: =IF($A13="","",IFERROR(VLOOKUP($E13,'Employés'!$A$5:$J$104,7,FALSE),0)) | M13: =IF($A13="","",IFERROR(IF($H13="Horaire",$I13*$K13,$L13),0)) | P13: =IF($A13="","",IFERROR($N13*$K13*$O13,0)) | R13: =IF($A13="","",IFERROR(($M13+$P13)*$Q13,0)) | U13: =IF($A13="","",SUM($M13,$P13,$R13,$S13,$T13)) | AB13: =IF($A13="","",SUM($V13:$AA13)) | AC13: =IF($A13="","",IFERROR($U13-$AB13,0)) | AI13: =IF($A13="","",SUM($AD13:$AH13)) | AJ13: =IF($A13="","",SUM($U13,$AI13)) | AL13: =IF($A13="","",IF(AND($B13<>"",$C13<>"",$D13<>"",$E13<>"",$F13<>"",$C13>=$B13,$D13>=$C13,$U13>=0,$AB13>=0,$AC13>=0),"OK","À corriger"))
F14: =IF($A14="","",IFERROR(VLOOKUP($E14,'Employés'!$A$5:$J$104,2,FALSE),"")) | G14: =IF($A14="","",IFERROR(VLOOKUP($E14,'Employés'!$A$5:$J$104,5,FALSE),"")) | J14: =IF($A14="","",IFERROR(VLOOKUP($E14,'Employés'!$A$5:$J$104,7,FALSE),0)) | M14: =IF($A14="","",IFERROR(IF($H14="Horaire",$I14*$K14,$L14),0)) | P14: =IF($A14="","",IFERROR($N14*$K14*$O14,0)) | R14: =IF($A14="","",IFERROR(($M14+$P14)*$Q14,0)) | U14: =IF($A14="","",SUM($M14,$P14,$R14,$S14,$T14)) | AB14: =IF($A14="","",SUM($V14:$AA14)) | AC14: =IF($A14="","",IFERROR($U14-$AB14,0)) | AI14: =IF($A14="","",SUM($AD14:$AH14)) | AJ14: =IF($A14="","",SUM($U14,$AI14)) | AL14: =IF($A14="","",IF(AND($B14<>"",$C14<>"",$D14<>"",$E14<>"",$F14<>"",$C14>=$B14,$D14>=$C14,$U14>=0,$AB14>=0,$AC14>=0),"OK","À corriger"))
F15: =IF($A15="","",IFERROR(VLOOKUP($E15,'Employés'!$A$5:$J$104,2,FALSE),"")) | G15: =IF($A15="","",IFERROR(VLOOKUP($E15,'Employés'!$A$5:$J$104,5,FALSE),"")) | J15: =IF($A15="","",IFERROR(VLOOKUP($E15,'Employés'!$A$5:$J$104,7,FALSE),0)) | M15: =IF($A15="","",IFERROR(IF($H15="Horaire",$I15*$K15,$L15),0)) | P15: =IF($A15="","",IFERROR($N15*$K15*$O15,0)) | R15: =IF($A15="","",IFERROR(($M15+$P15)*$Q15,0)) | U15: =IF($A15="","",SUM($M15,$P15,$R15,$S15,$T15)) | AB15: =IF($A15="","",SUM($V15:$AA15)) | AC15: =IF($A15="","",IFERROR($U15-$AB15,0)) | AI15: =IF($A15="","",SUM($AD15:$AH15)) | AJ15: =IF($A15="","",SUM($U15,$AI15)) | AL15: =IF($A15="","",IF(AND($B15<>"",$C15<>"",$D15<>"",$E15<>"",$F15<>"",$C15>=$B15,$D15>=$C15,$U15>=0,$AB15>=0,$AC15>=0),"OK","À corriger"))
F16: =IF($A16="","",IFERROR(VLOOKUP($E16,'Employés'!$A$5:$J$104,2,FALSE),"")) | G16: =IF($A16="","",IFERROR(VLOOKUP($E16,'Employés'!$A$5:$J$104,5,FALSE),"")) | J16: =IF($A16="","",IFERROR(VLOOKUP($E16,'Employés'!$A$5:$J$104,7,FALSE),0)) | M16: =IF($A16="","",IFERROR(IF($H16="Horaire",$I16*$K16,$L16),0)) | P16: =IF($A16="","",IFERROR($N16*$K16*$O16,0)) | R16: =IF($A16="","",IFERROR(($M16+$P16)*$Q16,0)) | U16: =IF($A16="","",SUM($M16,$P16,$R16,$S16,$T16)) | AB16: =IF($A16="","",SUM($V16:$AA16)) | AC16: =IF($A16="","",IFERROR($U16-$AB16,0)) | AI16: =IF($A16="","",SUM($AD16:$AH16)) | AJ16: =IF($A16="","",SUM($U16,$AI16)) | AL16: =IF($A16="","",IF(AND($B16<>"",$C16<>"",$D16<>"",$E16<>"",$F16<>"",$C16>=$B16,$D16>=$C16,$U16>=0,$AB16>=0,$AC16>=0),"OK","À corriger"))
F17: =IF($A17="","",IFERROR(VLOOKUP($E17,'Employés'!$A$5:$J$104,2,FALSE),"")) | G17: =IF($A17="","",IFERROR(VLOOKUP($E17,'Employés'!$A$5:$J$104,5,FALSE),"")) | J17: =IF($A17="","",IFERROR(VLOOKUP($E17,'Employés'!$A$5:$J$104,7,FALSE),0)) | M17: =IF($A17="","",IFERROR(IF($H17="Horaire",$I17*$K17,$L17),0)) | P17: =IF($A17="","",IFERROR($N17*$K17*$O17,0)) | R17: =IF($A17="","",IFERROR(($M17+$P17)*$Q17,0)) | U17: =IF($A17="","",SUM($M17,$P17,$R17,$S17,$T17)) | AB17: =IF($A17="","",SUM($V17:$AA17)) | AC17: =IF($A17="","",IFERROR($U17-$AB17,0)) | AI17: =IF($A17="","",SUM($AD17:$AH17)) | AJ17: =IF($A17="","",SUM($U17,$AI17)) | AL17: =IF($A17="","",IF(AND($B17<>"",$C17<>"",$D17<>"",$E17<>"",$F17<>"",$C17>=$B17,$D17>=$C17,$U17>=0,$AB17>=0,$AC17>=0),"OK","À corriger"))
F18: =IF($A18="","",IFERROR(VLOOKUP($E18,'Employés'!$A$5:$J$104,2,FALSE),"")) | G18: =IF($A18="","",IFERROR(VLOOKUP($E18,'Employés'!$A$5:$J$104,5,FALSE),"")) | J18: =IF($A18="","",IFERROR(VLOOKUP($E18,'Employés'!$A$5:$J$104,7,FALSE),0)) | M18: =IF($A18="","",IFERROR(IF($H18="Horaire",$I18*$K18,$L18),0)) | P18: =IF($A18="","",IFERROR($N18*$K18*$O18,0)) | R18: =IF($A18="","",IFERROR(($M18+$P18)*$Q18,0)) | U18: =IF($A18="","",SUM($M18,$P18,$R18,$S18,$T18)) | AB18: =IF($A18="","",SUM($V18:$AA18)) | AC18: =IF($A18="","",IFERROR($U18-$AB18,0)) | AI18: =IF($A18="","",SUM($AD18:$AH18)) | AJ18: =IF($A18="","",SUM($U18,$AI18)) | AL18: =IF($A18="","",IF(AND($B18<>"",$C18<>"",$D18<>"",$E18<>"",$F18<>"",$C18>=$B18,$D18>=$C18,$U18>=0,$AB18>=0,$AC18>=0),"OK","À corriger"))
F19: =IF($A19="","",IFERROR(VLOOKUP($E19,'Employés'!$A$5:$J$104,2,FALSE),"")) | G19: =IF($A19="","",IFERROR(VLOOKUP($E19,'Employés'!$A$5:$J$104,5,FALSE),"")) | J19: =IF($A19="","",IFERROR(VLOOKUP($E19,'Employés'!$A$5:$J$104,7,FALSE),0)) | M19: =IF($A19="","",IFERROR(IF($H19="Horaire",$I19*$K19,$L19),0)) | P19: =IF($A19="","",IFERROR($N19*$K19*$O19,0)) | R19: =IF($A19="","",IFERROR(($M19+$P19)*$Q19,0)) | U19: =IF($A19="","",SUM($M19,$P19,$R19,$S19,$T19)) | AB19: =IF($A19="","",SUM($V19:$AA19)) | AC19: =IF($A19="","",IFERROR($U19-$AB19,0)) | AI19: =IF($A19="","",SUM($AD19:$AH19)) | AJ19: =IF($A19="","",SUM($U19,$AI19)) | AL19: =IF($A19="","",IF(AND($B19<>"",$C19<>"",$D19<>"",$E19<>"",$F19<>"",$C19>=$B19,$D19>=$C19,$U19>=0,$AB19>=0,$AC19>=0),"OK","À corriger"))
F20: =IF($A20="","",IFERROR(VLOOKUP($E20,'Employés'!$A$5:$J$104,2,FALSE),"")) | G20: =IF($A20="","",IFERROR(VLOOKUP($E20,'Employés'!$A$5:$J$104,5,FALSE),"")) | J20: =IF($A20="","",IFERROR(VLOOKUP($E20,'Employés'!$A$5:$J$104,7,FALSE),0)) | M20: =IF($A20="","",IFERROR(IF($H20="Horaire",$I20*$K20,$L20),0)) | P20: =IF($A20="","",IFERROR($N20*$K20*$O20,0)) | R20: =IF($A20="","",IFERROR(($M20+$P20)*$Q20,0)) | U20: =IF($A20="","",SUM($M20,$P20,$R20,$S20,$T20)) | AB20: =IF($A20="","",SUM($V20:$AA20)) | AC20: =IF($A20="","",IFERROR($U20-$AB20,0)) | AI20: =IF($A20="","",SUM($AD20:$AH20)) | AJ20: =IF($A20="","",SUM($U20,$AI20)) | AL20: =IF($A20="","",IF(AND($B20<>"",$C20<>"",$D20<>"",$E20<>"",$F20<>"",$C20>=$B20,$D20>=$C20,$U20>=0,$AB20>=0,$AC20>=0),"OK","À corriger"))
F21: =IF($A21="","",IFERROR(VLOOKUP($E21,'Employés'!$A$5:$J$104,2,FALSE),"")) | G21: =IF($A21="","",IFERROR(VLOOKUP($E21,'Employés'!$A$5:$J$104,5,FALSE),"")) | J21: =IF($A21="","",IFERROR(VLOOKUP($E21,'Employés'!$A$5:$J$104,7,FALSE),0)) | M21: =IF($A21="","",IFERROR(IF($H21="Horaire",$I21*$K21,$L21),0)) | P21: =IF($A21="","",IFERROR($N21*$K21*$O21,0)) | R21: =IF($A21="","",IFERROR(($M21+$P21)*$Q21,0)) | U21: =IF($A21="","",SUM($M21,$P21,$R21,$S21,$T21)) | AB21: =IF($A21="","",SUM($V21:$AA21)) | AC21: =IF($A21="","",IFERROR($U21-$AB21,0)) | AI21: =IF($A21="","",SUM($AD21:$AH21)) | AJ21: =IF($A21="","",SUM($U21,$AI21)) | AL21: =IF($A21="","",IF(AND($B21<>"",$C21<>"",$D21<>"",$E21<>"",$F21<>"",$C21>=$B21,$D21>=$C21,$U21>=0,$AB21>=0,$AC21>=0),"OK","À corriger"))
F22: =IF($A22="","",IFERROR(VLOOKUP($E22,'Employés'!$A$5:$J$104,2,FALSE),"")) | G22: =IF($A22="","",IFERROR(VLOOKUP($E22,'Employés'!$A$5:$J$104,5,FALSE),"")) | J22: =IF($A22="","",IFERROR(VLOOKUP($E22,'Employés'!$A$5:$J$104,7,FALSE),0)) | M22: =IF($A22="","",IFERROR(IF($H22="Horaire",$I22*$K22,$L22),0)) | P22: =IF($A22="","",IFERROR($N22*$K22*$O22,0)) | R22: =IF($A22="","",IFERROR(($M22+$P22)*$Q22,0)) | U22: =IF($A22="","",SUM($M22,$P22,$R22,$S22,$T22)) | AB22: =IF($A22="","",SUM($V22:$AA22)) | AC22: =IF($A22="","",IFERROR($U22-$AB22,0)) | AI22: =IF($A22="","",SUM($AD22:$AH22)) | AJ22: =IF($A22="","",SUM($U22,$AI22)) | AL22: =IF($A22="","",IF(AND($B22<>"",$C22<>"",$D22<>"",$E22<>"",$F22<>"",$C22>=$B22,$D22>=$C22,$U22>=0,$AB22>=0,$AC22>=0),"OK","À corriger"))
... F105: =IF($A105="","",IFERROR(VLOOKUP($E105,'Employés'!$A$5:$J$104,2,FALSE),"")) | G105: =IF($A105="","",IFERROR(VLOOKUP($E105,'Employés'!$A$5:$J$104,5,FALSE),"")) | J105: =IF($A105="","",IFERROR(VLOOKUP($E105,'Employés'!$A$5:$J$104,7,FALSE),0)) | M105: =IF($A105="","",IFERROR(IF($H105="Horaire",$I105*$K105,$L105),0)) | P105: =IF($A105="","",IFERROR($N105*$K105*$O105,0)) | R105: =IF($A105="","",IFERROR(($M105+$P105)*$Q105,0)) | U105: =IF($A105="","",SUM($M105,$P105,$R105,$S105,$T105)) | AB105: =IF($A105="","",SUM($V105:$AA105)) | AC105: =IF($A105="","",IFERROR($U105-$AB105,0)) | AI105: =IF($A105="","",SUM($AD105:$AH105)) | AJ105: =IF($A105="","",SUM($U105,$AI105)) | AL105: =IF($A105="","",IF(AND($B105<>"",$C105<>"",$D105<>"",$E105<>"",$F105<>"",$C105>=$B105,$D105>=$C105,$U105>=0,$AB105>=0,$AC105>=0),"OK","À corriger"))
